 Dungeon Crawl Stone Soup version 0.32-a0-685-g93135e86f0 (webtiles) character file.

Game seed: 1754036139573759481

1372 pokeman the Thaumaturge (level 8, -2/44 HPs)
             Began as a Deep Elf Hedge Wizard on Mar 13, 2024.
             Was an Initiate of Vehumet.
             Killed from afar by an acid dragon (33 damage)
             ... with a splash of acid
             ... on level 6 of the Dungeon.
             The game lasted 00:11:13 (6911 turns).

pokeman the Thaumaturge (Deep Elf Hedge Wizard)     Turns: 6911, Time: 00:11:13

Health: -2/44      AC:  2    Str:  7    XL:     8   Next: 38%
Magic:  18/23      EV: 13    Int: 22    God:    Vehumet [......]
Gold:   298        SH:  0    Dex: 14    Spells: 14/25 levels left

rFire   . . .        x - +2 dagger (drain)
rCold   . . .        (no shield)
rNeg    . . .        b - +0 robe
rPois   .            s - +0 helmet
rElec   .            (no cloak)
rCorr   .            e - +1 pair of gloves
SInv    .            B - +0 pair of boots
Will    .....        (no amulet)
Stlth   ++           r - ring of wizardry
HPRegen 0.27/turn    w - ring of flight
MPRegen 0.18/turn

%: wizardry (x1)
@: corroded, on blink cooldown, flying
A: no striking features
a: Renounce Religion


You were on level 6 of the Dungeon.
You worshipped Vehumet.
Vehumet was noncommittal.
You visited 1 branch of the dungeon, and saw 6 of its levels.

You collected 430 gold pieces.
You spent 132 gold pieces at shops.

Inventory:

Hand Weapons
 x - a +2 dagger of draining (weapon)
Armour
 b - a +0 robe (worn)
 e - a +1 pair of gloves (worn)
 s - a +0 helmet (worn)
 u - +0 ice dragon scales
 B - a +0 pair of boots (worn)
Magical Staves
 o - a staff of death
Jewellery
 r - a ring of wizardry (left hand)
 w - a ring of flight (right hand)
 y - a ring of willpower
Scrolls
 a - a scroll of fog {unknown}
 f - a scroll of amnesia {unknown}
 j - a scroll of revelation {unknown}
 k - 6 scrolls of identify {unknown}
 l - a scroll of vulnerability {unknown}
 m - a scroll of enchant weapon {unknown}
 p - 3 scrolls of teleportation {unknown}
 t - 3 scrolls of noise {unknown}
 C - a scroll of acquirement {unknown}
 D - a scroll of fear {unknown}
Potions
 c - a potion of attraction {unknown}
 d - a potion of magic
 g - 6 potions of brilliance {unknown}
 h - 3 potions of heal wounds
 i - a potion of enlightenment {unknown}
 n - 5 potions of curing
 q - a potion of lignification {unknown}
 v - 2 potions of might {unknown}
 z - 2 potions of berserk rage {unknown}
 A - a potion of haste {unknown}
 E - a potion of cancellation {unknown}


   Skills:
 - Level 2.2 Fighting
 + Level 2.1 Armour
 - Level 3.0 Dodging
 - Level 3.0 Stealth
 * Level 9.3 Spellcasting
 + Level 4.8 Conjurations
 - Level 1.1 Summonings
 - Level 4.0 Necromancy
 - Level 1.1 Translocations
 + Level 2.2 Ice Magic
 - Level 1.1 Air Magic
 - Level 1.1 Alchemy
 - Level 1.3 Evocations


You had 14 spell levels left.
You knew the following spells:

 Your Spells              Type           Power      Damage    Failure   Level
a - Magic Dart            Conj           100%       1d8       1%          1
b - Mephitic Cloud        Conj/Alch/Air  20%        N/A       3%          3
c - Call Imp              Summ           30%        N/A       2%          2
d - Blink                 Tloc           30%        N/A       2%          2
e - Hailstorm             Conj/Ice       25%        3d7       1%          3

Your spell library contained the following spells:

 Spells                   Type           Power      Damage    Failure   Level
 Freeze                   Ice            80%        1d9       1%          1
 Cigotuvi's Dreadful Rot  Necr/Alch/Air  38%        N/A       1%          2
 Slow                     Hex            40%        N/A       2%          1
 Frozen Ramparts          Ice            40%        1d7       3%          3


Dungeon Overview and Level Annotations

Branches:
Dungeon (6/15)             Temple (0/1) D:4

Altars:
Elyvilon
Vehumet

Shops:
D:5 !


Message History

k - 6 scrolls labelled XEUCHE EHEUB (gained 1)
You reach down and open the door.
There is an open door here.
You reach down and open the door.
There is an open door here.
An acid dragon comes into view.
The acid dragon roars!
The acid dragon spits acid at you. The splash of acid hits you!
The acid corrodes you!
There is an open door here.
Casting: Magic Dart (safe; 1% risk of failure)
Confirm with . or Enter, or press ? or * to list all spells.
A tiny devil pulls itself out of the air.
You start resting.
An acid dragon is nearby!
Your cerulean imp hits the acid dragon but does no damage.
Your cerulean imp barely misses the acid dragon.
The acid dragon bites your cerulean imp!
Your cerulean imp dies!
Your cerulean imp disappears in a puff of smoke!
Casting: Call Imp (safe; 2% risk of failure)
Confirm with . or Enter, or press ? or * to list all spells.
Casting: Hailstorm (safe; 1% risk of failure)
Press: ? - help, Dir - look around, f - activate A cannonade of hail descends around you!
The hail pelts the acid dragon.
The acid dragon is moderately wounded.
Unknown command.
Unknown command.
Casting: Hailstorm (safe; 1% risk of failure)
Confirm with . or Enter, or press ? or * to list all spells.
You blink.
Unknown command.
Casting: Blink (safe; 2% risk of failure)
Confirm with . or Enter, or press ? or * to list all spells.
You can't see any susceptible monsters within range! (Use Z to cast anyway.)
The acid dragon spits acid at you. The splash of acid hits you!!
Ouch! That really hurt!
You die...

.............#..........
.............##'#######.
.............#.......#
.............#.......#
####.........'.D.....#
...#.........#.......#
...#.........#.......#
...#.........#.......#
...#.........#..@....#
####.........#.......#
.........#........+
........#........#
#.......## #.......#
#.......# #.......#


You could see an acid dragon (catching breath).

Vanquished Creatures
  A wyvern (D:6)
  Edmund (D:5)
  A water moccasin (D:6)
  A black bear (D:4)
  An ice beast (D:4)
  2 ogres
  A howler monkey (D:4)
  A jelly (D:5)
  A bombardier beetle (D:5)
  An orc priest (D:5)
  3 hounds
  Jessica (D:3)
  A sleepcap (D:6)
  An iguana (D:6)
  2 orc wizards (D:5)
  8 adders
  A shadow imp (D:6)
  5 dart slugs
  10 orcs
  9 endoplasms
  A giant cockroach (D:1)
  10 goblins
  3 hobgoblins
  2 quokkas
  9 ball pythons
  10 bats
  5 frilled lizards
  10 kobolds
102 creatures vanquished.

Vanquished Creatures (collateral kills)
  An ice beast (D:6)
  A sleepcap (D:4)
2 creatures vanquished.

Grand Total: 104 creatures vanquished

Notes
Turn   | Place    | Note
-------+----------+-------------------------------------------
     0 | D:1      | pokeman the Deep Elf Hedge Wizard began the quest for the
                  | Orb.
     0 | D:1      | Reached XP level 1. HP: 10/10 MP: 7/7
   454 | D:1      | Reached XP level 2. HP: 16/16 MP: 4/9
  1410 | D:2      | Reached skill level 5 in Spellcasting
  1586 | D:2      | Reached XP level 3. HP: 20/20 MP: 8/11
  1590 | D:2      | Learned a level 3 spell: Mephitic Cloud
  1593 | D:2      | Learned a level 2 spell: Call Imp
  1596 | D:2      | Learned a level 2 spell: Blink
  2076 | D:2      | Reached skill level 1 in Armour
  2365 | D:2      | Reached skill level 1 in Fighting
  2836 | D:3      | Reached XP level 4. HP: 25/25 MP: 10/13
  3043 | D:3      | Found a white marble altar of Elyvilon.
  3088 | D:3      | Noticed Jessica
  3093 | D:3      | Killed Jessica
  3317 | D:3      | Reached skill level 6 in Spellcasting
  3323 | D:3      | Reached XP level 5. HP: 29/29 MP: 15/15
  3458 | D:3      | Found a radiant altar of Vehumet.
  3689 | D:3      | Became a worshipper of Vehumet
  3974 | D:4      | Noticed a black bear
  3987 | D:4      | Killed a black bear
  3988 | D:4      | Reached skill level 1 in Necromancy
  3988 | D:4      | Reached skill level 1 in Alchemy
  3988 | D:4      | Reached skill level 1 in Evocations
  4246 | D:4      | Reached skill level 1 in Air Magic
  4246 | D:4      | Reached XP level 6. HP: 34/34 MP: 10/17
  4520 | D:4      | Found a staircase to the Ecumenical Temple.
  5004 | D:5      | Entered Level 5 of the Dungeon
  5173 | D:5      | Found Torygidd's Distillery.
  5209 | D:5      | Reached skill level 7 in Spellcasting
  5209 | D:5      | Noticed Edmund
  5235 | D:5      | Killed Edmund
  5236 | D:5      | Reached XP level 7. HP: 33/39 MP: 10/19
  5357 | D:4      | Reached skill level 8 in Spellcasting
  5505 | D:5      | Bought a potion of curing for 33 gold pieces
  5505 | D:5      | Bought a potion of heal wounds for 55 gold pieces
  5505 | D:5      | Bought a potion of curing for 33 gold pieces
  5505 | D:5      | Bought a potion of degeneration for 11 gold pieces
  5608 | D:5      | Learned a level 3 spell: Hailstorm
  6406 | D:6      | Reached skill level 1 in Ice Magic
  6406 | D:6      | Reached XP level 8. HP: 39/44 MP: 16/22
  6748 | D:6      | Reached skill level 9 in Spellcasting
  6911 | D:6      | Killed from afar by an acid dragon

Illustrated notes

Levels and vault maps discovered:
D:1:      saegor_arrival_simple_e, layout_basic, minmay_3d_cube
D:2:      layout_loops_corners, chequers_serial_rivers_large_a
D:3:      layout_rooms, general_overflow_altar, lemuel_crystal_altar,
          amcnicky_mini_corridor_feature, minmay_joined_circles, uniq_jessica
D:4:      layout_basic, minmay_temple_entry_ruins
D:5:      layout_basic, serial_shops, nicolae_shop_tiny_statue_garden,
          uniq_edmund
D:6:      layout_gridville, small_statue_intersection, uniq_eustachio

Skill      XL: |  1  2  3  4  5  6  7  8 |
---------------+-------------------------+-----
Spellcasting   | 5 6 7 8 9 |  9.3
Armour         | 1 2 |  2.1
Fighting       | 1 2 |  2.2
Conjurations   | 2 3 4 |  4.8
Stealth        | 3 |  3.0
Dodging        | 3 |  3.0
Necromancy     | 1 2 3 4 |  4.0
Alchemy        | 1 |  1.1
Evocations     | 1 |  1.3
Air Magic      | 1 |  1.1
Ice Magic      | 1 2 |  2.2
Summonings     | |  1.1
Translocations | |  1.1

Action                     |  1- 3 |  4- 6 |  7- 9 || total
---------------------------+-------+-------+-------++-------
  Melee: War axe           |       |    39 |       ||    39
         Dagger            |       |    35 |    46 ||    81
   Cast: Magic Dart        |    99 |    69 |    55 ||   223
         Mephitic Cloud    |       |     8 |     9 ||    17
         Blink             |       |    15 |     3 ||    18
         Call Imp          |       |     1 |     6 ||     7
         Hailstorm         |       |       |     1 ||     1
   Stab: Confused          |       |     9 |     3 ||    12
 Armour: Robe              |    10 |    35 |    27 ||    72
  Dodge: Dodged            |    15 |    43 |    27 ||    85

Table legend: (Time is in decaauts)
 A = Elapsed time spent in this place.
 B = Non-inter-level travel time spent in this place.
 C = Inter-level travel time spent in this place.
 D = Time resting spent in this place.
 E = Time spent auto-exploring this place.
 F = Levels seen in this place.
 G = Mean time per level.
                   A        B        C        D        E       F      G
               +--------+--------+--------+--------+--------+-----+--------+
         Total |   6942 |   6765 |    177 |    224 |   5651 |   6 | 1157.0 |
       Dungeon |   6942 |   6765 |    177 |    224 |   5651 |   6 | 1157.0 |
               +--------+--------+--------+--------+--------+-----+--------+

Top non-repeatable levels by time:
     D:1: 1405 daAuts
     D:2: 1345 daAuts
     D:4: 1224 daAuts
     D:3: 1199 daAuts
     D:6: 896 daAuts
     D:5: 870 daAuts
